 Dungeon Crawl Stone Soup version 0.31.0-32-g396128a36d (webtiles) character file.

Game seed: 2743519659507165871

9017 601d51SH the Blocker (level 11, -43/79 (80) HPs)
             Began as a Gnoll Fighter on Mar 31, 2024.
             Was a Priest of Hepliaklqana.
             Killed from afar by a lich (54 damage)
             ... with a bolt of cold
             ... on level 10 of the Dungeon.
             The game lasted 00:27:31 (9988 turns).

601d51SH the Blocker (Gnoll Fighter)                Turns: 9988, Time: 00:27:31

HP:   -43/79 (80)   AC:  8    Str: 19    XL:     11   Next: 39%
MP:   20/20         EV:  7    Int:  9    God:    Hepliaklqana [***...]
Gold: 653           SH: 28    Dex: 11    Spells: 23/23 levels left

rFire   . . .        x - +5 Force Lance {heavy, knockback}
rCold   . . .        L - +18 shield of the Gong {Loud rN+ Will+ rCorr EV-5}
rNeg    + . .        c - +0 acid dragon scales
rPois   .            e - melded +0 helmet
rElec   .            (cloak currently unavailable)
rCorr   +            (gloves currently unavailable)
SInv    +            (boots currently unavailable)
Will    +....        (no amulet)
Stlth   +++          i - ring of flight
HPRegen 0.33/turn    D - ring of see invisible
MPRegen 0.17/turn

%: no passive effects
@: beast-form, flying, lightly drained
A: beast (slay +3), reduced essence, fangs 1, strong nose, distributed training
a: Begin Untransformation, Renounce Religion, Recall Ancestor, Ancestor
Identity, Transference


You were on level 10 of the Dungeon.
You worshipped Hepliaklqana.
Hepliaklqana was most pleased with you.
You were a hulking beast.
You visited 2 branches of the dungeon, and saw 11 of its levels.

You collected 653 gold pieces.

Inventory:

Hand Weapons
 l - a +2 vampiric whip
 r - a +1 shortbow of draining
 v - a +1 dagger of distortion
 x - the +5 Force Lance (weapon) {heavy, knockback}
   (You found it on level 2 of the Dungeon)
 M - a +2 dagger of freezing
 S - a +2 long sword of draining
Missiles
 b - a curare-tipped dart
 m - 41 poisoned darts (quivered)
Armour
 c - +0 acid dragon scales (worn)
 e - a +0 helmet (melded)
 L - the +18 shield of the Gong (worn) {Loud rN+ Will+ rCorr EV-5}
   (You found it on level 7 of the Dungeon)

   Loud:      It is deafeningly noisy when blocking attacks.
   EV-5:      It affects your evasion (-5).
   rN+:       It protects you from negative energy.
   Will+:     It increases your willpower.
   rCorr:     It protects you from acid and corrosion.
Jewellery
 i - a ring of flight (left hand)
 p - a ring of wizardry
 y - a ring of protection from cold
 A - an amulet of magic regeneration
 C - a ring of magical power
 D - a ring of see invisible (right hand)
 H - a ring of ice
 K - a ring of willpower
Talismans
 N - a beast talisman (active)
Wands
 B - a wand of roots (6)
 O - a wand of flame (29)
Scrolls
 a - a scroll of fog {unknown}
 f - 2 scrolls of blinking
 h - 4 scrolls of vulnerability
 k - 4 scrolls of teleportation
 n - 3 scrolls of identify
 t - a scroll of revelation {unknown}
 u - a scroll of enchant armour {unknown}
 w - 3 scrolls of amnesia
 E - 2 scrolls of immolation
 F - 3 scrolls of enchant weapon
 P - a scroll of poison {unknown}
Potions
 d - a potion of might
 g - 3 potions of degeneration
 j - 2 potions of enlightenment
 o - 3 potions of heal wounds
 q - a potion of curing {unknown}
 s - a potion of brilliance
 z - a potion of invisibility {unknown}
 G - a potion of cancellation {unknown}
 I - a potion of berserk rage {unknown}
 J - a potion of attraction {unknown}
 R - a potion of resistance


   Skills:
 + Level 9.3 Fighting
 + Level 6.5 Short Blades
 + Level 6.5 Long Blades
 + Level 8.0 Axes
 + Level 6.5 Maces & Flails
 + Level 6.5 Polearms
 + Level 6.5 Staves
 + Level 6.5 Ranged Weapons
 + Level 6.5 Throwing
 + Level 9.3 Armour
 + Level 6.5 Dodging
 + Level 6.5 Stealth
 + Level 9.3 Shields
 + Level 6.5 Unarmed Combat
 + Level 6.5 Spellcasting
 + Level 5.3 Conjurations
 + Level 5.3 Hexes
 + Level 5.3 Summonings
 + Level 5.3 Necromancy
 + Level 5.3 Translocations
 + Level 5.3 Fire Magic
 + Level 5.3 Ice Magic
 + Level 5.3 Air Magic
 + Level 5.3 Earth Magic
 + Level 5.3 Alchemy
 + Level 7.1 Invocations
 + Level 6.5 Evocations
 + Level 5.9 Shapeshifting


You had 23 spell levels left.
You didn't know any spells.
Your spell library contained the following spells:

 Spells                   Type           Power      Damage    Failure   Level
 Apportation              Tloc           24%        N/A       6%          1
 Kiss of Death            Conj/Necr      48%        2d9       6%          1
 Necrotise                Necr           48%        1d6       6%          1
 Sting                    Conj/Alch      48%        1d6       6%          1
 Summon Small Mammal      Summ           48%        N/A       6%          1
 Blink                    Tloc           24%        N/A       9%          2
 Ensorcelled Hibernation  Hex/Ice        24%        N/A       9%          2
 Lesser Beckoning         Tloc           24%        N/A       9%          2
 Momentum Strike          Conj/Tloc      24%        3d8       9%          2
 Call Canine Familiar     Summ           12%        N/A       17%         3
 Confusing Touch          Hex            12%        N/A       17%         3
 Fugue of the Fallen      Necr           12%        N/A       17%         3
 Inner Flame              Hex/Fire       12%        N/A       17%         3
 Anguish                  Hex/Necr       6%         N/A       50%         4
 Dispel Undead            Necr           12%        3d9       50%         4
 Summon Blazeheart Golem  Fire/Summ      12%        N/A       50%         4
 Irradiate                Conj/Alch      6%         3d13      85%         5
 Ignition                 Fire           6%         3d4       100%        8


Dungeon Overview and Level Annotations

Branches:
Dungeon (10/15)            Temple (1/1) D:5
   Lair: D:8-11         Orc: D:9-12

Altars:
Ashenzari
Cheibriados
Dithmenos
Elyvilon
Fedhas
Gozag
Hepliaklqana
Kikubaaqudgha
Makhleb
Nemelex Xobeh
Okawaru
Qazlal
Ru
Sif Muna
Trog
Uskayaw
Vehumet
Wu Jian
Xom
Yredelemnul
Zin
The Shining One

Shops:
D:4 =

Annotations:
D:4 exclusion: statue
D:10 1 runed translucent door, Consumeair16's ghost, journeyman MfGl
Temple 2 transporters


Innate Abilities, Weirdness & Mutations

You are a hulking beast.
Your limbs bulge with bestial killing power. (Slay +3)
Your life essence is reduced to manifest your ancestor. (-10% HP)
You have very sharp teeth.
Your uncanny sense of smell can sniff out nearby items.
Your experience applies equally to all skills.


Message History

The lich is moderately damaged.
The lich touches you.
The lich touches you but does no damage.
Consumeair16's ghost barely misses you.
Reach: x) +5 Force Lance {heavy, knockback}
Press: ? - help, Dir - move target, f/p - lich
Aim: a lich (moderately damaged, fast, slightly transparent, about 27% to evade the +5 Force Lance)
You completely miss the lich.
The lich is moderately damaged.
You block the lich's attack.
SHROANNG!
You block Consumeair16's ghost's attack.
GONNNNG!
You block the lich's attack.
PTOANNNG!
Reach: x) +5 Force Lance {heavy, knockback}
Press: ? - help, Dir - move target, f/p - lich
Aim: a lich (moderately damaged, fast, slightly transparent, about 27% to evade the +5 Force Lance)
You closely miss the lich.
The lich is moderately damaged.
The lich casts a spell at you. The bolt of cold hits you!!
The fire dragon breathes flames at you.
The blast of flame hits the lich!!
The blast of flame hits you!!
* * * LOW HITPOINT WARNING * * *
You block Consumeair16's ghost's attack.
GONNNNG!
The lich touches you but does no damage.
You block Consumeair16's ghost's attack.
BONNNG!
The lich attacks as it pursues you! The lich touches you!
* * * LOW HITPOINT WARNING * * *
You block the lich's attack.
SHROANNG!
Things that are here:
a +0 ring mail; a boomerang The lich points at you and mumbles some strange words.
The bolt of cold hits you!!!
Ouch! That really hurt!
You die...

#8.8.8.8#...............#......#.
........#################......#.
..u###..♣#........'....#########.
♣.##.##..##.......#....##########
..#...#p..#.......#..............
.♣#.⌠.#D♣.##########...##........
..#...#WW##..L...###...##........
+##...##W#.###.[.'...............
.....Y.....# #..h#...............
..#..####..###..[#...............
###..............################
.................................
.................................
.................................
..........####...........#......#
..#####............#............#
................................#


You could see a lich (fast, invisible).

Vanquished Creatures
  A skeletal warrior (D:10)
  A vault sentinel (D:7)
  A komodo dragon (D:10)
  A centaur simulacrum (D:10)
  A wyvern (D:9)
  A vampire (D:10)
  10 yaks (D:8)
  Grum (D:9)
  A steam dragon (D:8)
  A water moccasin (D:10)
  2 orc warriors
  An ice beast (D:5)
  2 black bears
  4 wolves
  4 centaurs
  2 phantoms (D:5)
  3 kobold brigands
  3 bullfrogs
  3 scorpions
  3 wights (D:10)
  6 killer bees
  7 howler monkeys
  2 bombardier beetles
  5 orc priests
  2 hounds
  A sleepcap (D:6)
  A jelly (D:5)
  2 gnoll boudas
  2 orc wizards
  13 gnolls
  12 adders
  A shadow imp (D:5)
  A white imp (D:5)
  2 ufetubi (D:5)
  2 ribbon worms (D:2)
  A dart slug (D:2)
  37 orcs
  3 bats
  10 endoplasms
  4 giant cockroaches
  7 goblins
  8 hobgoblins
  4 jackals (D:4)
  21 kobolds
  5 quokkas
  6 ball pythons
  7 frilled lizards
  4 rats
222 creatures vanquished.

Vanquished Creatures (collateral kills)
  A two-headed ogre (D:10)
  A vault sentinel (D:7)
  A yak (D:8)
  A wraith (D:10)
  A wyvern (D:8)
  2 steam dragons
  An acid dragon (D:10)
  An orc warrior (D:10)
  3 bullfrogs
  A wight (D:10)
  2 killer bees
  A howler monkey (D:8)
  An orc wizard (D:6)
  A gnoll (D:7)
  A white imp (D:8)
  8 orcs
  A goblin (D:7)
  A kobold (D:10)
29 creatures vanquished.

Vanquished Creatures (others)
  5 hexers
  A kobold (D:8)
6 creatures vanquished.

Grand Total: 257 creatures vanquished

Notes
Turn   | Place    | Note
-------+----------+-------------------------------------------
     0 | D:1      | 601d51SH the Gnoll Fighter began the quest for the Orb.
     0 | D:1      | Reached XP level 1. HP: 23/23 MP: 1/1
   195 | D:1      | Reached XP level 2. HP: 29/29 MP: 2/2
   270 | D:1      | Reached XP level 3. HP: 31/35 MP: 3/3
   529 | D:1      | Reached skill level 1 in Invocations
   890 | D:2      | Reached skill level 1 in Short Blades
   890 | D:2      | Reached skill level 1 in Long Blades
   890 | D:2      | Reached skill level 1 in Maces & Flails
   890 | D:2      | Reached skill level 1 in Polearms
   890 | D:2      | Reached skill level 1 in Staves
   890 | D:2      | Reached skill level 1 in Ranged Weapons
   890 | D:2      | Reached skill level 1 in Throwing
   890 | D:2      | Reached skill level 1 in Dodging
   890 | D:2      | Reached skill level 1 in Stealth
   890 | D:2      | Reached skill level 1 in Unarmed Combat
   890 | D:2      | Reached skill level 1 in Spellcasting
   890 | D:2      | Reached skill level 1 in Evocations
   930 | D:2      | Reached skill level 1 in Shapeshifting
   930 | D:2      | Reached XP level 4. HP: 38/41 MP: 5/5
  1245 | D:3      | Reached skill level 1 in Conjurations
  1245 | D:3      | Reached skill level 1 in Hexes
  1245 | D:3      | Reached skill level 1 in Summonings
  1245 | D:3      | Reached skill level 1 in Necromancy
  1245 | D:3      | Reached skill level 1 in Translocations
  1245 | D:3      | Reached skill level 1 in Fire Magic
  1245 | D:3      | Reached skill level 1 in Ice Magic
  1245 | D:3      | Reached skill level 1 in Air Magic
  1245 | D:3      | Reached skill level 1 in Earth Magic
  1245 | D:3      | Reached skill level 1 in Alchemy
  1307 | D:3      | Found an ornate altar of the Wu Jian Council.
  1507 | D:3      | Reached XP level 5. HP: 30/47 MP: 5/7
  1827 | D:3      | Found a sparkling altar of Nemelex Xobeh.
  2107 | D:2      | Reached XP level 6. HP: 17/53 MP: 8/8
  2587 | D:2      | Found the +5 Force Lance {heavy, knockback}
  2695 | D:4      | Reached skill level 5 in Axes
  3141 | D:4      | Noticed an orc warrior
  3150 | D:4      | Killed an orc warrior
  3151 | D:4      | Reached XP level 7. HP: 9/60 MP: 10/10
  3320 | D:4      | Found a radiant altar of Vehumet.
  3456 | D:4      | Found Licuff's Jewellery Shoppe.
  3626 | D:4      | You are sucked into a shaft and drop 1 floor!
  3626 | D:5      | Entered Level 5 of the Dungeon
  3754 | D:5      | Found a burning altar of Makhleb.
  3945 | D:5      | Found a staircase to the Ecumenical Temple.
  3973 | Temple   | Found a transporter.
  3973 | Temple   | Found a transporter.
  3973 | Temple   | Found a transporter.
  3973 | Temple   | Found a transporter.
  3973 | Temple   | Entered the Ecumenical Temple
  3993 | Temple   | Became a worshipper of Hepliaklqana the Forgotten
  4309 | D:5      | Reached XP level 8. HP: 67/67 MP: 12/12
  4645 | D:5      | Found a shimmering blue altar of Sif Muna.
  5525 | D:6      | Reached * piety under Hepliaklqana
  5873 | D:6      | Found an ancient bone altar of Kikubaaqudgha.
  6487 | D:7      | Reached XP level 9. HP: 59/65 MP: 14/14
  6615 | D:7      | Reached ** piety under Hepliaklqana
  6616 | D:7      | Remembered your ancestor Sanele as a hexer
  6727 | D:7      | Noticed a vault sentinel
  6727 | D:7      | Noticed a vault sentinel
  6743 | D:7      | Killed a vault sentinel
  6793 | D:7      | Killed a vault sentinel
  6992 | D:7      | Found the +18 shield of the Gong {Loud rN+ Will+ rCorr
                  | EV-5}
  7042 | D:7      | Found a shadowy altar of Dithmenos.
  7075 | D:7      | Found an iron altar of Okawaru.
  7272 | D:8      | Reached skill level 5 in Invocations
  7301 | D:8      | Reached skill level 5 in Short Blades
  7301 | D:8      | Reached skill level 5 in Long Blades
  7301 | D:8      | Reached skill level 5 in Maces & Flails
  7301 | D:8      | Reached skill level 5 in Polearms
  7301 | D:8      | Reached skill level 5 in Staves
  7301 | D:8      | Reached skill level 5 in Ranged Weapons
  7301 | D:8      | Reached skill level 5 in Throwing
  7301 | D:8      | Reached skill level 5 in Dodging
  7301 | D:8      | Reached skill level 5 in Stealth
  7301 | D:8      | Reached skill level 5 in Unarmed Combat
  7301 | D:8      | Reached skill level 5 in Spellcasting
  7301 | D:8      | Reached skill level 5 in Evocations
  7301 | D:8      | Reached XP level 10. HP: 52/72 MP: 17/17
  7911 | D:8      | Reached skill level 5 in Shapeshifting
  8016 | D:9      | Noticed Grum
  8031 | D:10     | Entered Level 10 of the Dungeon
  8350 | D:9      | Killed Grum
  8413 | D:9      | Found a basalt altar of Yredelemnul.
  8421 | D:9      | Found a bloodstained altar of Trog.
  8581 | D:9      | Reached *** piety under Hepliaklqana
  8858 | D:10     | Reached skill level 5 in Conjurations
  8858 | D:10     | Reached skill level 5 in Hexes
  8858 | D:10     | Reached skill level 5 in Summonings
  8858 | D:10     | Reached skill level 5 in Necromancy
  8858 | D:10     | Reached skill level 5 in Translocations
  8858 | D:10     | Reached skill level 5 in Fire Magic
  8858 | D:10     | Reached skill level 5 in Ice Magic
  8858 | D:10     | Reached skill level 5 in Air Magic
  8858 | D:10     | Reached skill level 5 in Earth Magic
  8858 | D:10     | Reached skill level 5 in Alchemy
  8918 | D:10     | Reached XP level 11. HP: 60/80 MP: 20/20
  8961 | D:10     | Noticed a two-headed ogre
  8969 | D:10     | Killed a two-headed ogre
  9283 | D:10     | Noticed a necromancer
  9380 | D:10     | Found a hide-covered altar of Uskayaw.
  9575 | D:10     | Found a runed translucent door.
  9576 | D:10     | Noticed a fire dragon
  9577 | D:10     | Noticed Consumeair16's ghost (journeyman MfGl)
  9583 | D:10     | Noticed a catoblepas
  9584 | D:10     | Found a runed translucent door.
  9584 | D:10     | Noticed a lich
  9654 | D:10     | Noticed a skeletal warrior
  9901 | D:10     | Noticed a brown very ugly thing
  9974 | D:10     | Killed a skeletal warrior
  9988 | D:10     | Killed from afar by a lich

Illustrated notes

Levels and vault maps discovered:
D:1:      heliophobic_arrival_henge, layout_basic, hex_intersection
D:2:      minmay_razor_zed, layout_basic
D:3:      cheibrodos_pilgrimage, layout_basic, lemuel_tele_altar,
          nemelex_dance_club_becter
D:4:      layout_rooms, vehumet_statue, minmay_shop_enchanted_jewellery,
          st_stairs_1, amethyst_killhole, kennysheep_generic_room_2
D:5:      layout_layer_cave, bloody_makhleb, nicolae_sif_muna_little_library,
          minmay_temple_entry_statues_pillars
D:6:      layout_basic, mainiacjoe_overflow_catwalk
D:7:      layout_gridville, okawaru_altar_gauntlet_db, kennysheep_little_box,
          hellmonk_guarded_unrand_gong
D:8:      layout_basic
D:9:      layout_rooms, mainiacjoe_overflow_catch_the_wave, special_room
          [special_room_orc], uniq_grum
D:10:     layout_stronghold, eat_drink_and_be_merry_uskayaw,
          muffindrake_ghost_dual_entry
Temple:   hellmonk_temple_divided_pantheon

Skill      XL: |  1  2  3  4  5  6  7  8  9 10 11 |
---------------+----------------------------------+-----
Invocations    | 1 2 3 4 5 6 7 |  7.1
Short Blades   | 1 2 3 5 6 |  6.5
Long Blades    | 1 2 3 5 6 |  6.5
Maces & Flails | 1 2 3 5 6 |  6.5
Polearms       | 1 2 3 5 6 |  6.5
Staves         | 1 2 3 5 6 |  6.5
Ranged Weapons | 1 2 3 5 6 |  6.5
Throwing       | 1 2 3 5 6 |  6.5
Dodging        | 1 2 3 5 6 |  6.5
Stealth        | 1 2 3 5 6 |  6.5
Unarmed Combat | 1 2 3 5 6 |  6.5
Spellcasting   | 1 2 3 5 6 |  6.5
Evocations     | 1 2 3 5 6 |  6.5
Shapeshifting  | 1 2 3 4 5 |  5.9
Conjurations   | 1 2 3 4 5 |  5.3
Hexes          | 1 2 3 4 5 |  5.3
Summonings     | 1 2 3 4 5 |  5.3
Necromancy     | 1 2 3 4 5 |  5.3
Translocations | 1 2 3 4 5 |  5.3
Fire Magic     | 1 2 3 4 5 |  5.3
Ice Magic      | 1 2 3 4 5 |  5.3
Air Magic      | 1 2 3 4 5 |  5.3
Earth Magic    | 1 2 3 4 5 |  5.3
Alchemy        | 1 2 3 4 5 |  5.3
Axes           | 5 6 7 8 |  8.0
Fighting       | 7 8 9 |  9.3
Armour         | 7 8 9 |  9.3
Shields        | 7 8 9 |  9.3

Action                     |  1- 3 |  4- 6 |  7- 9 | 10-12 || total
---------------------------+-------+-------+-------+-------++-------
  Melee: War axe           |    66 |   166 |       |       ||   232
         Bite              |     6 |    16 |     9 |    13 ||    44
         Lance             |       |    38 |   197 |   176 ||   411
  Throw: Dart              |       |     1 |       |     2 ||     3
 Invoke: Ancestor Life: He |       |       |     1 |       ||     1
    Use: Scroll            |       |       |     3 |     7 ||    10
         Potion            |       |       |       |     2 ||     2
   Stab: Distracted        |       |       |       |     3 ||     3
         Confused          |       |       |       |     2 ||     2
 Armour: Scale mail        |    40 |   208 |   142 |    54 ||   444
         Acid dragon scale |       |       |       |    15 ||    15
  Dodge: Dodged            |    24 |   109 |   115 |    17 ||   265
  Block: Buckler           |    16 |    74 |    53 |       ||   143
         Kite shield       |       |       |    25 |   241 ||   266
   Form: Beast             |       |       |       |     1 ||     1
